 Dungeon Crawl Stone Soup version 0.25-a0-566-g062765be81 (webtiles) character file.

Game seed: 1977130094888089478, levelgen mode: deterministic

50 Lugonue the Scratcher (level 3, -3/15 HPs)
             Began as a Felid Transmuter on Feb 27, 2020.
             Killed from afar by Sigmund (9 damage)
             ... with a magic dart
             ... on level 2 of the Dungeon.
             The game lasted 00:02:43 (1335 turns).

Lugonue the Scratcher (Felid Transmuter)            Turns: 1335, Time: 00:02:44

Health: -3/15      AC:  2    Str:  7    XL:     3   Next: 55%
Magic:  3/7        EV: 21    Int: 14    God:
Gold:   79         SH:  0    Dex: 21    Spells: 0/6 levels left
                                        Lives:  0   Deaths: 0

rFire    . . .     SeeInvis +     - Unarmed
rCold    . . .     Gourm    .   (shield unavailable)
rNeg     . . .     Faith    .   (armour unavailable)
rPois    x         Spirit   .   (helmet unavailable)
rElec    .         Reflect  .   (cloak unavailable)
rCorr    .         Harm     .   (gloves unavailable)
MR       .....                  (boots unavailable)
Stlth    ++........             (no amulet)
HPRegen  0.05/turn              (no ring)
MPRegen  0.10/turn              (no ring)

@: spider-form (expiring)
A: tiny, no armour, no weapons or thrown items, stealth, see invisible,
carnivore, slow metabolism 1
a: End Transformation


You were on level 2 of the Dungeon.
You were very full.
You were a venomous arachnid creature.
You visited 1 branch of the dungeon, and saw 2 of its levels.

You collected 79 gold pieces.

Inventory:

Missiles
 a - 7 arrows
Scrolls
 d - a scroll of magic mapping {unknown}
 e - 2 scrolls of identify {unknown}
 g - a scroll of noise {unknown}
 h - a scroll of amnesia {unknown}
Potions
 b - a potion of mutation {unknown}
 f - a potion of berserk rage {unknown}
Comestibles
 c - 2 rations


   Skills:
 * Level 1.3 Fighting
 + Level 3.0 Dodging
 + Level 1.2 Stealth
 + Level 3.6 Unarmed Combat
 * Level 2.4 Spellcasting
 + Level 2.5 Transmutations


You couldn't memorise any spells.
You knew the following spells:

 Your Spells              Type           Power        Failure   Level  Hunger
a - Beastly Appendage     Tmut           #.....       22%         1    #......
b - Sticks to Snakes      Tmut           #.......     28%         2    ###....
c - Spider Form           Tmut/Pois      #.........   61%         3    ###....

Your spell library contained the following spells:

 Spells                   Type           Power        Failure   Level  Hunger
 Ice Form                 Ice/Tmut       #.......     92%         4    #####..
 Blade Hands              Tmut           #.........   98%         5    ######.


Dungeon Overview and Level Annotations

Branches:
Dungeon (2/15)

Altars:

Annotations:
D:2 Sigmund


Innate Abilities, Weirdness & Mutations

You cannot wear armour.
You are incapable of wielding weapons or throwing items.
Your paws allow you to move quietly. (Stealth)
((You have sharp claws.))
((You have razor-sharp teeth.))
You have supernaturally acute eyesight. (SInv)
You are carnivorous and can eat meat at any time.
((You cover ground quickly.))
((You are covered in fur. (AC +1)))
You have a slow metabolism.
((Your sharp claws are effective at attacking unaware monsters.))


Message History

Your transformation is almost over.
Sigmund closely misses you.
You hit Sigmund but do no damage.
Sigmund is poisoned.
Sigmund misses you.
You barely miss Sigmund.
Sigmund is lightly wounded.
You hit Sigmund.
Sigmund is lightly wounded.
Sigmund closely misses you.
You hit Sigmund.
Sigmund looks even sicker.
Sigmund is moderately wounded.
Your adder withers and dies!
You hit Sigmund.
Sigmund is heavily wounded.
Sigmund misses you.
You hit Sigmund.
Sigmund is heavily wounded.
Sigmund casts a spell at you. The magic dart hits you!
Ouch! That really hurt!
You die...

.###.#.#.#####..#.###.#####.#.
.# #....## #..#.# #.# ## .#
#.#.#######..#.# #.# #.. .#
#.#.#..........# #.# #.#
.###.....#####..### #.# #.#
.##......# #..# #.# #.#
.....÷...# #..#####.###.#
###......#####.@..........#
##........†...s#######..#
#.#..#########†# #>.#####..
##.###########.# #........#
#.# #).......# #...####..
#.####.######.# #...# #....#.#
#.# #...# ####.#.# #.#
#####...# #.#.# #..
........##### #.#.# ###
######......#


You could see Sigmund (invisible).

Vanquished Creatures
  2 adders (D:2)
  2 dart slugs (D:1)
  3 giant cockroaches
  5 goblins (D:1)
  A hobgoblin (D:2)
  4 jackals
  2 kobolds (D:1)
  A bat (D:1)
  A frilled lizard (D:2)
  2 rats (D:1)
23 creatures vanquished.

Vanquished Creatures (collateral kills)
  A dart slug (D:1)
  A goblin (D:2)
  A jackal (D:2)
3 creatures vanquished.

Grand Total: 26 creatures vanquished

Notes
Turn   | Place    | Note
-------+----------+-------------------------------------------
     0 | D:1      | Lugonue the Felid Transmuter began the quest for the Orb.
     0 | D:1      | Reached XP level 1. HP: 9/9 MP: 4/4
   200 | D:1      | Reached XP level 2. HP: 10/12 MP: 6/6
   204 | D:1      | Learned a level 2 spell: Sticks to Snakes
  1164 | D:2      | Reached XP level 3. HP: 12/15 MP: 7/7
  1231 | D:2      | Reached skill level 1 in Stealth
  1260 | D:2      | Noticed Sigmund
  1276 | D:2      | Learned a level 3 spell: Spider Form
  1335 | D:2      | Killed from afar by Sigmund

Levels and vault maps discovered:
D:1:      saegor_arrival_simple_d, layout_loops_cross
D:2:      layout_loops_ring, first_ration, hangedman_abyss_or_decor_stabs,
          uniq_sigmund

Skill      XL: |  1  2  3 |
---------------+----------+-----
Dodging        | 3 |  3.0
Stealth        | 1 |  1.2
Fighting       | |  1.3
Unarmed Combat | |  3.6
Spellcasting   | |  2.4
Transmutations | |  2.5

Action                   || total
-------------------------++-------
Melee: Unarmed           ||    73
       Bite              ||     7
       Headbutt          ||     1
 Cast: Sticks to Snakes  ||     5
       Beastly Appendage ||     3
       Spider Form       ||     1
 Stab: Sleeping          ||     7
       Distracted        ||     1
  Eat: Chunk             ||     7
Armor: Skin              ||     2
Dodge: Dodged            ||    53

Table legend:
 A = Non-vault XP
 B = Vault XP
 C = Vault XP percentage of total XP
 D = Non-vault monster count
 E = Vault monster count
 F = Vault count percentage of total count
                 A         B        C        D         E       F
            +---------+---------+-------+---------+---------+-------
      Total |      72 |       0 |   0.0 |      26 |       0 |   0.0
            +---------+---------+-------+---------+---------+-------
        D:1 |      34 |       0 |   0.0 |      17 |       0 |   0.0
        D:2 |      38 |       0 |   0.0 |       9 |       0 |   0.0
            +---------+---------+-------+---------+---------+-------
